 Dungeon Crawl Stone Soup version 0.27.1-33-g824d729ab1 (webtiles) character file.

Game seed: 17685858370693767786

28 demibob the Covered (level 2, -1/34 HPs)
             Began as a Minotaur Wanderer on Dec 8, 2021.
             Succumbed to Jessica's poison
             ... on level 2 of the Dungeon.
             The game lasted 00:01:59 (1490 turns).

demibob the Covered (Minotaur Wanderer)             Turns: 1490, Time: 00:01:59

Health: -1/34      AC:  9    Str: 17    XL:     2   Next: 96%
Magic:  1/1        EV:  9    Int: 11    God:
Gold:   20         SH:  0    Dex:  6    Spells: 1/1 levels left

rFire    . . .     SeeInvis .   a - +0 hand axe
rCold    . . .     Faith    .   (no shield)
rNeg     . . .     Spirit   .   b - +2 scale mail
rPois    .         Reflect  .   (helmet restricted)
rElec    .         Harm     .   (no cloak)
rCorr    .         Rampage  .   (no gloves)
Will     .....                  (no boots)
Stlth    ..........             (no amulet)
HPRegen  0.11/turn              (no ring)
MPRegen  0.07/turn              (no ring)

@: berserking, lethally poisoned (-1 -> -20), very quick
A: horns 2, retaliatory headbutt
a: no special abilities


You were on level 2 of the Dungeon.
You visited 1 branch of the dungeon, and saw 2 of its levels.

You collected 20 gold pieces.


Innate Abilities, Weirdness & Mutations

You have a pair of horns on your head.
You reflexively headbutt those who attack you in melee.


   Skills:
 - Level 1.2 Fighting
 + Level 3.2(3.7) Axes
 - Level 2.4(3.2) Maces & Flails
 - Level 6.0 Armour
 - Level 1.0 Stealth
 - Level 1.0 Evocations


You had one spell level left.
You didn't know any spells.
Your spell library was empty.

Inventory:

Hand Weapons
 a - a +0 hand axe (weapon)
Missiles
 g - 6 javelins (quivered)
Armour
 b - a +2 scale mail (worn)
Potions
 c - a potion of lignification

Dungeon Overview and Level Annotations

Branches:
Dungeon (2/15)

Altars:

Shops:
D:1 [[((=

Annotations:
D:2 Jessica

##..[# #....
###..###
###..<...###
#..........###
#...........[#
#..........###
###.†....###
.....#@#.###
####.#@#...
#.#.##.## #.#
.# #.# .# ...
.# #.# ## #(#


You could see Jessica.


Message History

There is an open door here.
You aren't carrying any items that you can evoke.
You throw a javelin. The javelin completely misses Jessica.
You hit Jessica. Your headbutt misses Jessica.
Jessica is lightly wounded.
Jessica hits you with a +1 dagger of venom.
You are poisoned.
Jessica hits you with a +1 dagger of venom.
You hit Jessica. Your headbutt misses Jessica.
Jessica is severely wounded.
You feel very sick.
Jessica hits you with a +1 dagger of venom.
* * * LOW HITPOINT WARNING * * *
You are lethally poisoned!
Really quaff
f - a potion of berserk rage {!q}?
A red film seems to cover your vision as you go berserk!
You feel yourself moving faster!
You feel mighty!
* * * LOW HITPOINT WARNING * * *
You feel very sick.
Jessica hits you with a +1 dagger of venom.
* * * LOW HITPOINT WARNING * * *
You are more poisoned.
You barely miss Jessica.
Jessica is severely wounded.
* * * LOW HITPOINT WARNING * * *
You feel very sick.
Unknown command.
You barely miss Jessica.
Jessica is severely wounded.
You die...

Skill      XL: |  1  2 |
---------------+-------+-----
Axes           | 2 3 |  3.2
Fighting       | |  1.2
Maces & Flails | |  2.4
Armour         | |  6.0
Stealth        | |  1.0
Evocations     | |  1.0

Action                   || total
-------------------------++-------
Melee: Hand axe          ||    57
       Headbutt          ||     5
Throw: Javelin           ||     1
  Use: Scroll            ||     2
       Potion            ||     2
Armor: Scale mail        ||    24
Dodge: Dodged            ||    25

Levels and vault maps discovered:
D:1:      lightli_arrival_noodles, layout_loops_cross,
          hellmonk_ecumenical_altar_lost_god, serial_glass, glass_columns_a,
          glass_columns_b, serial_shops, nicolae_shop_trees,
          nicolae_square_shop, nicolae_shop_crystal, nicolae_diamond_shop,
          nicolae_lakefront_shop
D:2:      layout_basic, basic_altar, minmay_unequal, uniq_robin, uniq_terence,
          uniq_crazy_yiuf_cottage, uniq_jessica

Notes
Turn   | Place    | Note
-------+----------+-------------------------------------------
     0 | D:1      | demibob the Minotaur Wanderer began the quest for the Orb.
     0 | D:1      | demibob set off with the following items: a +0 hand axe, a
                  | +2 scale mail, a potion of lignification
     0 | D:1      | Reached XP level 1. HP: 16/16 MP: 0/0
   137 | D:1      | Reached skill level 1 in Axes
   185 | D:1      | Found Naruo's Armour Boutique.
   194 | D:1      | Found Bechoad Tics's Weapon Boutique.
   204 | D:1      | Found Daap's Weapon Shop.
   219 | D:1      | Found Vobad's Jewellery Shoppe.
   512 | D:1      | Reached skill level 2 in Axes
   512 | D:1      | Reached XP level 2. HP: 19/23 MP: 1/1
   632 | D:1      | Found a faded altar of an unknown god.
   976 | D:1      | Reached skill level 3 in Axes
  1277 | D:1      | Found Togok's Armour Shop.
  1483 | D:2      | Noticed Jessica
  1489 | D:2      | HP: 2/34 [poisoned by Jessica]
  1490 | D:2      | Succumbed to Jessica's poison

Vanquished Creatures
  2 ball pythons (D:1)
  2 bats (D:1)
  8 endoplasms (D:1)
  A giant cockroach (D:1)
  A goblin (D:1)
  5 hobgoblins
  A quokka (D:2)
  A frilled lizard (D:1)
  A rat (D:1)
22 creatures vanquished.

Table legend: (Time is in decaauts)
 A = Elapsed time spent in this place.
 B = Non-inter-level travel time spent in this place.
 C = Inter-level travel time spent in this place.
 D = Time resting spent in this place.
 E = Time spent auto-exploring this place.
 F = Levels seen in this place.
 G = Mean time per level.
                   A        B        C        D        E       F      G
               +--------+--------+--------+--------+--------+-----+--------+
         Total |   1508 |   1471 |     37 |    395 |    923 |   2 |  754.0 |
       Dungeon |   1508 |   1471 |     37 |    395 |    923 |   2 |  754.0 |
               +--------+--------+--------+--------+--------+-----+--------+

Top non-repeatable levels by time:
     D:1: 1484 daAuts
     D:2: 24 daAuts

Table legend:
 A = Non-vault XP
 B = Vault XP
 C = Vault XP percentage of total XP
 D = Non-vault monster count
 E = Vault monster count
 F = Vault count percentage of total count
                 A         B        C        D         E       F
            +---------+---------+-------+---------+---------+-------
      Total |      36 |       4 |  10.0 |      20 |       2 |   9.1
            +---------+---------+-------+---------+---------+-------
        D:1 |      34 |       0 |   0.0 |      19 |       0 |   0.0
        D:2 |       2 |       4 |  66.7 |       1 |       2 |  66.7
            +---------+---------+-------+---------+---------+-------
